 Dungeon Crawl Stone Soup version 0.29.1-2-gbd0b4ee654 (webtiles) character file.

Game seed: 11381667715782635168

19733 NiS the Cleaver (level 13, -24/71 (113) HPs)
             Began as a Meteoran Fighter on Nov 2, 2022.
             Was an Elder of Okawaru.
             Annihilated by a boulder beetle (47 damage)
             ... on level 13 of the Dungeon.
             The game lasted 00:33:56 (8864 turns).

NiS the Cleaver (Meteoran Fighter)                  Turns: 8864, Time: 00:33:57

HP:   -24/71 (113)  AC: 16    Str: 29    XL:     13   Next: 35%
MP:   30/30         EV: 16    Int: 11    God:    Okawaru [****..]
Gold: 824           SH: 13    Dex: 13    Spells: 12/12 levels left

rFire   . . .      SeeInvis .   E - +8 hand axe of the Special Spirits {vorpal, MP+9}
rCold   . . .      Faith    .   T - +2 kite shield {rN+}
rNeg    + . .      Spirit   .   j - +2 scale mail {rPois}
rPois   +          Reflect  .   Q - +2 helmet
rElec   .          Harm     .   K - +0 cloak
rCorr   .          Rampage  .   (no gloves)
Will    +....                   p - +0 pair of boots
Stlth   +.........              (no amulet)
HPRegen 0.21/turn               q - +6 ring of strength
MPRegen 0.22/turn               r - +4 ring of evasion

@: glowing, very heavily drained
A: sense surroundings 2, otherworldly, glowing, explore regen
a: Renounce Religion, Heroism, Finesse


You were on level 13 of the Dungeon.
You worshipped Okawaru.
Okawaru was greatly pleased with you.
You visited 1 branch of the dungeon, and saw 14 of its levels.

You collected 824 gold pieces.

Inventory:

Hand Weapons
 E - the +8 hand axe of the Special Spirits (weapon) {vorpal, MP+9}
   (You found it on level 5 of the Dungeon)

   It inflicts extra damage upon your enemies.
   MP:        It affects your magic capacity (+9).
 I - a +2 hammer of holy wrath
Missiles
 y - 20 boomerangs
 z - 7 poisoned darts (quivered)
 A - 2 throwing nets
 O - 6 silver boomerangs
Armour
 j - a +2 scale mail of poison resistance (worn)
 p - a +0 pair of boots (worn)
 K - a +0 cloak (worn)
 Q - a +2 helmet (worn)
 T - a +2 kite shield of positive energy (worn)
Jewellery
 b - an amulet of faith
 q - a +6 ring of strength (left hand)
 r - a +4 ring of evasion (right hand)
Wands
 a - a wand of light (3)
 f - a wand of flame (7)
 t - a wand of charming (17)
 J - a wand of polymorph (9)
 P - a wand of iceblast (9)
Scrolls
 d - 2 scrolls of blinking {unknown}
 g - a scroll of magic mapping {unknown}
 h - 2 scrolls of butterflies {unknown}
 i - 3 scrolls of immolation {unknown}
 o - 3 scrolls of poison
 s - a scroll of enchant armour {unknown}
 v - 3 scrolls of torment {unknown}
 w - 7 scrolls of vulnerability
 B - 3 scrolls of teleportation
 F - 4 scrolls of summoning {unknown}
 L - 3 scrolls of enchant weapon {unknown}
 M - 2 scrolls of identify
 N - a scroll of silence {unknown}
 S - a scroll of amnesia {unknown}
Potions
 e - 7 potions of flight
 k - a potion of resistance
 l - a potion of degeneration
 u - a potion of brilliance
 x - a potion of invisibility
 C - 3 potions of ambrosia
 D - 3 potions of mutation
 G - 3 potions of magic
 R - 2 potions of curing


   Skills:
 + Level 10.3 Fighting
 + Level 11.6(12.4) Axes
 - Level 7.6(11.1) Maces & Flails
 - Level 7.5 Armour
 - Level 6.6 Dodging
 - Level 2.0 Stealth
 - Level 10.0 Shields
 - Level 10.0 Invocations
 + Level 7.7 Evocations


You had 12 spell levels left.
You didn't know any spells.
Your spell library contained the following spells:

 Spells                   Type           Power      Damage    Failure   Level
 Beastly Appendage        Tmut           0%         N/A       83%         1
 Shock                    Conj/Air       0%         1d3       83%         1
 Ensorcelled Hibernation  Hex/Ice        0%         N/A       93%         2
 Passwall                 Tmut/Erth      0%         N/A       93%         2
 Poisonous Vapours        Pois/Air       0%         N/A       93%         2
 Wereblood                Tmut           0%         N/A       93%         2
 Dazzling Flash           Conj/Hex       0%         N/A       99%         3
 Frozen Ramparts          Ice            0%         1d1       99%         3
 Gell's Gravitas          Tloc           0%         N/A       99%         3
 Ignite Poison            Fire/Tmut/Pois 0%         N/A       99%         3
 Lesser Beckoning         Tloc           0%         N/A       99%         3
 Mephitic Cloud           Conj/Pois/Air  0%         N/A       99%         3
 Portal Projectile        Hex/Tloc       0%         N/A       99%         3
 Spider Form              Tmut/Pois      0%         N/A       99%         3
 Swiftness                Air            0%         N/A       99%         3
 Teleport Other           Tloc           0%         N/A       99%         3
 Airstrike                Air            0%         2d(0-16)  100%        4
 Anguish                  Hex/Necr       0%         N/A       100%        4
 Corpse Rot               Necr/Pois/Air  0%         N/A       100%        4
 Ice Form                 Ice/Tmut       0%         N/A       100%        4
 Leda's Liquefaction      Hex/Erth       0%         N/A       100%        4
 Passage of Golubria      Tloc           0%         N/A       100%        4
 Agony                    Necr           0%         N/A       100%        5
 Freezing Cloud           Conj/Ice/Air   0%         6-21      100%        5
 Silence                  Hex/Air        0%         N/A       100%        5
 Lehudib's Crystal Spear  Conj/Erth      0%         10d2      100%        8
 Call Canine Familiar     Summ           Unusable   N/A       N/A         3
 Summon Ice Beast         Ice/Summ       Unusable   N/A       N/A         4

Dungeon Overview and Level Annotations

Branches:
Dungeon (14/15) Zot: 193     Lair (0/5) D:8             Orc (0/2) D:12
 Temple: D:4-7       Vaults: D:13-14

Altars:
Cheibriados
Gozag
Makhleb
Okawaru
Ru
Sif Muna
Zin

Shops:
D:7 *   D:11 ?

Annotations:
D:14 Lodul


Innate Abilities, Weirdness & Mutations

You passively map the area around you.
You are easily found by Zot.
You glow in the dark.
You regain HP and MP as you explore.


Message History

Zot's power touches on you...
You feel drained. The boulder beetle closely misses you.
Throw: 12 darts (poison)
Press: ? - help, Q - select action, (/) - cycle Shift-Dir - straight line, f/p - boulder beetle
Aim: a boulder beetle (90% to hit)
You throw a poisoned dart.
The poisoned dart hits the boulder beetle.
You block the boulder beetle's attack.
Throw: 11 darts (poison)
Press: ? - help, Q - select action, (/) - cycle Shift-Dir - straight line, f/p - boulder beetle
Aim: a boulder beetle (90% to hit)
You throw a poisoned dart.
The poisoned dart hits the boulder beetle.
The boulder beetle leaps!
The boulder beetle waves its antennae.
The boulder beetle curls into a ball and begins rolling!
Throw: 10 darts (poison)
Press: ? - help, Q - select action, (/) - cycle Shift-Dir - straight line, f/p - boulder beetle
Aim: a boulder beetle (rolling, 90% to hit)
You throw a poisoned dart.
The poisoned dart hits the boulder beetle.
The boulder beetle is poisoned.
Throw: 9 darts (poison)
Press: ? - help, Q - select action, (/) - cycle Shift-Dir - straight line, f/p - boulder beetle
Aim: a boulder beetle (lightly wounded, rolling, poisoned, 90% to hit)
You throw a poisoned dart.
The poisoned dart hits the boulder beetle.
The boulder beetle is lightly wounded.
Throw: 8 darts (poison)
Press: ? - help, Q - select action, (/) - cycle Shift-Dir - straight line, f/p - boulder beetle
Aim: a boulder beetle (lightly wounded, rolling, poisoned, 90% to hit)
You throw a poisoned dart.
The poisoned dart hits the boulder beetle.
The boulder beetle looks even sicker.
The boulder beetle is lightly wounded.
You slash the boulder beetle!
The boulder beetle is lightly wounded.
The boulder beetle hits you!!!
Ouch! That really hurt!
You die...

..........########...............
..#######...................#####
..# #....^..............# ..#
#...#####...........# ..#
#...#...#......>....#
..#######...#...#...........#
............#...#...........#
............#'###........####
................@B.(.....#
##############....°......#
#.....°.....# #####...((..#
#...##### #####


You could see a boulder beetle (rolling, very poisoned).

Vanquished Creatures
  A centaur warrior (D:10)
  A vault guard (Arena)
  5 two-headed ogres
  4 boulder beetles
  A deep elf pyromancer (D:13)
  3 ugly things
  A cyclops (D:13)
  4 manticores
  An unseen horror (D:12)
  A komodo dragon (D:12)
  An efreet (D:13)
  6 trolls
  A hornet (D:8)
  2 vampires (D:12)
  A wraith (D:12)
  14 yaks
  A shadow (D:11)
  A wyvern (D:7)
  A steam dragon (D:9)
  4 vampire mosquitoes (D:11)
  An acid dragon (D:13)
  7 orc warriors
  A black bear (D:5)
  An ogre (D:4)
  An ice beast (D:7)
  2 wolves (D:8)
  4 centaurs
  3 necrophages
  A bullfrog (D:7)
  2 kobold brigands
  3 scorpions
  13 killer bees
  2 electric eels (D:8)
  7 howler monkeys
  Crazy Yiuf (D:7)
  8 orc priests
  A gnoll bouda (D:4)
  9 hounds
  A jelly (D:5)
  11 orc wizards
  2 iguanas (D:5)
  8 gnolls
  5 adders
  3 white imps
  5 worms
  2 dart slugs
  46 orcs
  8 endoplasms
  3 giant cockroaches
  7 hobgoblins
  6 jackals
  7 quokkas
  5 ball pythons
  4 bats
  3 frilled lizards (D:1)
  8 goblins
  15 kobolds
  3 rats (D:3)
273 creatures vanquished.

Vanquished Creatures (others)
  4 withered plants (D:14)
4 creatures vanquished.

Grand Total: 277 creatures vanquished

Notes
Turn   | Place    | Note
-------+----------+-------------------------------------------
     0 | D:1      | NiS the Meteoran Fighter began the quest for the Orb.
     0 | D:1      | Reached XP level 1. HP: 19/19 MP: 2/2
    69 | D:1      | Reached XP level 2. HP: 22/26 MP: 3/3
   237 | D:1      | Reached XP level 3. HP: 31/31 MP: 4/4
   485 | D:1      | Glimpsed the power of Zot.
   580 | D:1      | You fall into a shaft and drop 1 floor!
   836 | D:2      | Found a faded altar of an unknown god.
   836 | D:2      | Noticed an Executioner
  1074 | D:2      | Glimpsed the power of Zot.
  1126 | D:2      | Reached XP level 4. HP: 34/40 MP: 5/5
  1136 | D:2      | Identified the +1 leather armour of Mysticism {Harm Will+
                  | Str+5 Int-5}
  1512 | D:3      | Found an opulent altar of Gozag.
  1659 | D:3      | Glimpsed the power of Zot.
  1664 | D:3      | Reached XP level 5. HP: 44/46 MP: 6/6
  1694 | D:4      | Noticed a necrophage
  1701 | D:3      | Killed a necrophage
  1702 | D:3      | Reached skill level 5 in Maces & Flails
  1768 | D:3      | Found a snail-covered altar of Cheibriados.
  1796 | D:3      | Reached skill level 1 in Dodging
  1796 | D:3      | Reached XP level 6. HP: 52/52 MP: 7/7
  2219 | D:4      | Glimpsed the power of Zot.
  2231 | D:5      | Entered Level 5 of the Dungeon
  2431 | D:4      | Reached skill level 1 in Stealth
  2435 | D:4      | Reached XP level 7. HP: 28/59 MP: 8/8
  2814 | D:5      | Glimpsed the power of Zot.
  2863 | D:5      | Glimpsed the power of Zot.
  2903 | D:5      | Glimpsed the power of Zot.
  2949 | D:5      | Reached skill level 5 in Shields
  2949 | D:5      | Reached XP level 8. HP: 58/67 MP: 9/9
  3016 | D:5      | Identified the +8 hand axe of the Special Spirits {vorpal,
                  | MP+9}
  3066 | D:5      | Reached skill level 5 in Fighting
  3146 | D:5      | Reached skill level 5 in Armour
  3412 | D:5      | Glimpsed the power of Zot.
  3462 | D:5      | Glimpsed the power of Zot.
  3495 | D:6      | Reached skill level 1 in Axes
  3501 | D:6      | Glimpsed the power of Zot.
  3508 | D:7      | Found Zin's Purification Station.
  3516 | D:7      | Found a glowing silver altar of Zin.
  3545 | D:7      | Reached skill level 2 in Axes
  3567 | D:7      | Gained mutation: You passively map the area around you.
                  | [Meteoran growth]
  3567 | D:7      | Reached XP level 9. HP: 44/74 MP: 10/10
  3583 | D:7      | Reached skill level 3 in Axes
  3662 | D:7      | Reached skill level 4 in Axes
  3785 | D:7      | Reached skill level 5 in Axes
  3937 | D:7      | Identified the +9 hammer "Ficeph" {vorpal, rN+ Str-5 Dex+4}
  3947 | D:7      | Found a runed translucent door.
  3948 | D:7      | Noticed Crazy Yiuf
  4008 | D:7      | Glimpsed the power of Zot.
  4058 | D:7      | Glimpsed the power of Zot.
  4126 | D:7      | Killed Crazy Yiuf
  4241 | D:7      | Reached skill level 6 in Axes
  4241 | D:7      | Reached skill level 5 in Dodging
  4270 | D:8      | Noticed a troll
  4287 | D:8      | Noticed a hornet
  4297 | D:8      | Reached skill level 7 in Axes
  4297 | D:8      | Reached XP level 10. HP: 84/84 MP: 11/11
  4609 | D:8      | Glimpsed the power of Zot.
  4615 | D:8      | Noticed a two-headed ogre
  4620 | D:8      | Killed a two-headed ogre
  4621 | D:8      | Reached skill level 8 in Axes
  4621 | D:8      | Reached skill level 1 in Evocations
  4652 | D:8      | Glimpsed the power of Zot.
  4692 | D:8      | Glimpsed the power of Zot.
  4893 | D:8      | Found a staircase to the Lair.
  5202 | D:9      | Glimpsed the power of Zot.
  5214 | D:10     | Entered Level 10 of the Dungeon
  5247 | D:9      | Reached XP level 11. HP: 66/94 MP: 12/12
  5281 | D:9      | Found an iron altar of Okawaru.
  5286 | D:9      | Became a worshipper of Warmaster Okawaru
  5459 | D:9      | Noticed a two-headed ogre
  5478 | D:9      | Killed a two-headed ogre
  5745 | D:9      | Reached skill level 1 in Invocations
  5811 | D:10     | Glimpsed the power of Zot.
  5861 | D:10     | Glimpsed the power of Zot.
  5910 | D:10     | Reached * piety under Okawaru
  5962 | D:10     | Found a sacrificial altar of Ru.
  6101 | D:10     | Found a shimmering blue altar of Sif Muna.
  6201 | D:10     | Noticed a centaur warrior
  6215 | D:10     | Killed a centaur warrior
  6215 | D:10     | Reached ** piety under Okawaru
  6246 | D:10     | Found a burning altar of Makhleb.
  6249 | D:10     | Noticed a balrug
  6348 | D:10     | Noticed a two-headed ogre
  6354 | D:10     | Killed a two-headed ogre
  6419 | D:10     | Glimpsed the power of Zot.
  6471 | D:10     | Glimpsed the power of Zot.
  6522 | D:11     | Reached skill level 5 in Invocations
  6577 | D:11     | Noticed a two-headed ogre
  6599 | D:11     | Killed a two-headed ogre
  6635 | D:11     | Reached *** piety under Okawaru
  6636 | D:11     | Reached XP level 12. HP: 91/106 MP: 17/17
  6717 | D:11     | Reached skill level 10 in Fighting
  6717 | D:11     | Reached skill level 10 in Shields
  6751 | D:11     | Reached skill level 9 in Axes
  6800 | D:11     | Noticed a two-headed ogre
  6828 | D:11     | Killed a two-headed ogre
  6979 | D:11     | Found Niekuhar's Magic Scroll Emporium.
  6992 | D:11     | Noticed a boulder beetle
  7014 | D:11     | Killed a boulder beetle
  7014 | D:11     | Reached **** piety under Okawaru
  7058 | D:11     | Glimpsed the power of Zot.
  7108 | D:11     | Glimpsed the power of Zot.
  7147 | D:12     | Glimpsed the power of Zot.
  7157 | D:12     | Touched by the power of Zot.
  7262 | D:12     | Noticed a boulder beetle
  7277 | D:12     | Killed a boulder beetle
  7278 | D:12     | Reached skill level 10 in Axes
  7291 | D:12     | Found a staircase to the Orcish Mines.
  7319 | D:12     | Reached skill level 5 in Evocations
  7445 | D:12     | Reached ***** piety under Okawaru
  7482 | D:12     | Noticed a boulder beetle
  7505 | D:12     | Killed a boulder beetle
  7893 | D:13     | Noticed a deep elf pyromancer
  7904 | D:13     | Killed a deep elf pyromancer
  7905 | D:13     | Reached XP level 13. HP: 113/113 MP: 21/21
  7906 | D:13     | Glimpsed the power of Zot.
  7956 | D:13     | Glimpsed the power of Zot.
  7996 | D:13     | Glimpsed the power of Zot.
  8006 | D:13     | Touched by the power of Zot.
  8015 | D:13     | Reached skill level 11 in Axes
  8072 | D:13     | Received a gift from Okawaru
  8113 | D:13     | Glimpsed the power of Zot.
  8166 | D:13     | Glimpsed the power of Zot.
  8207 | D:13     | Glimpsed the power of Zot.
  8373 | D:13     | Identified the +7 trident of the Real Monster {venom,
                  | Contam MP+9 Dex+8}
  8634 | D:13     | Reached skill level 10 in Invocations
  8675 | D:14     | Noticed Lodul
  8717 | D:14     | Glimpsed the power of Zot.
  8746 | D:14     | Noticed a vault guard
  8746 | D:14     | Noticed a centaur warrior
  8760 | D:14     | Noticed a boulder beetle
  8771 | D:14     | Glimpsed the power of Zot.
  8782 | D:14     | Killed a boulder beetle
  8783 | D:14     | Noticed a vault guard
  8785 | D:14     | Noticed a boulder beetle
  8791 | D:14     | Noticed a vault guard
  8797 | Arena    | Entered the Arena
  8812 | Arena    | Killed a vault guard
  8841 | D:14     | Noticed a tengu warrior
  8849 | D:14     | Glimpsed the power of Zot.
  8858 | D:13     | Touched by the power of Zot.
  8864 | D:13     | Annihilated by a boulder beetle

Illustrated notes

Levels and vault maps discovered:
D:1:      dpeg_arrival_arbitrary_b, layout_loops_ring, serial_bayou_pond_e,
          serial_park_tiny_2, palyth_stone_intersect
D:2:      layout_basic, dreamdust_ecumenical_altar_sealed_demon
D:3:      layout_rooms, lemuel_doored_altar,
          nicolae_gozag_cash_rules_everything_around_me,
          gup_sewer_entry_bubbles, minmay_vboxes
D:4:      layout_loops_ring
D:5:      layout_gridville, serial_shops, shop, dreamdust_mushroom_princess
D:6:      layout_rooms, minmay_temple_entry_junction_2, minmay_joined_circles
D:7:      layout_cave_pools, zin_purify, uniq_crazy_yiuf_cottage
D:8:      layout_loops_cross, erik_lair_island, serial_glass, glass_columns_a,
          glass_columns_a
D:9:      layout_roguey, okawaru_gym_becter
D:10:     layout_loops_cross, nicolae_ru_great_annihilating_truth,
          makhleb_altar_promises_db, mainiacjoe_overflow_alcove_4,
          enter_bailey_5
D:11:     layout_irregular_city, serial_shops, shop
D:12:     layout_gridville, david_orc_5, kennysheep_generic_room_5
D:13:     layout_irregular_city, gauntlet_entry_generic
D:14:     layout_cave_pools, erik_vaults_2, kiku_gazebo_garden_becter,
          gammafunk_ghost_berserking_beasts, chequers_serial_rivers_micro_b,
          uniq_lodul

Skill      XL: |  1  2  3  4  5  6  7  8  9 10 11 12 13 |
---------------+----------------------------------------+-----
Maces & Flails | 3 4 5 6 7 |  7.6
Armour         | 4 5 6 7 |  7.5
Shields        | 4 5 6 7 9 10 | 10.0
Fighting       | 4 5 6 7 9 10 | 10.3
Dodging        | 1 2 3 5 6 |  6.6
Stealth        | 1 2 |  2.0
Axes           | 2 7 8 10 11 | 11.6
Evocations     | 1 6 7 |  7.7
Invocations    | 5 9 10 | 10.0

Action                   |  1- 3 |  4- 6 |  7- 9 | 10-12 | 13-15 || total
-------------------------+-------+-------+-------+-------+-------++-------
Melee: Flail             |    93 |   128 |    30 |       |       ||   251
       Hand axe          |       |       |   110 |   430 |    88 ||   628
Throw: Dart              |       |       |       |    30 |    10 ||    40
       Boomerang         |       |       |       |     1 |       ||     1
Invok: Heroism           |       |       |       |     2 |     1 ||     3
       Finesse           |       |       |       |     1 |     1 ||     2
       Duel              |       |       |       |       |     1 ||     1
Evoke: Wand              |       |       |     1 |     2 |       ||     3
  Use: Potion            |       |     1 |     6 |     7 |     3 ||    17
       Scroll            |       |       |    10 |     1 |     1 ||    12
 Stab: Paralysed         |       |       |       |     1 |       ||     1
Armor: Scale mail        |    55 |       |       |   136 |    26 ||   217
       Leather armour    |       |    39 |    49 |     6 |       ||    94
Dodge: Dodged            |    32 |    42 |    70 |   184 |    29 ||   357
Block: Buckler           |    27 |    31 |    46 |   100 |     7 ||   211
       Kite shield       |       |       |       |       |    30 ||    30
